 Dungeon Crawl Stone Soup version 0.31-a0-162-gc4c5a43528 (webtiles) character file.

Game seed: 2814005729576720426

26264 qw the Cleaver (level 13, -1/82 HPs)
             Began as a Gargoyle Fighter on June 12, 2023.
             Was an Elder of Okawaru.
             Slain by a dire elephant (19 damage)
             ... on level 5 of the Lair of Beasts.
             The game lasted 00:07:22 (16569 turns).

qw the Cleaver (Gargoyle Fighter)                  Turns: 16569, Time: 00:07:23

Health: -1/82      AC: 35    Str: 24    XL:     13   Next: 24%
Magic:  20/20      EV:  9    Int: 10    God:    Okawaru [****..]
Gold:   786        SH:  6    Dex:  9    Spells: 12/12 levels left

rFire   . . .        A - +2 war axe (elec)
rCold   . . .        c - +0 buckler
rNeg    + . .        i - +0 plate armour
rPois   inf          o - +2 hood of the Assassin {Detect Stab+ Stlth++}
rElec   +            z - +2 cloak "Vasomet" {Stlth+}
rCorr   .            a - +2 pair of gloves
SInv    .            (no boots)
Will    .....        t - amulet of faith
Stlth   +            (no ring)
HPRegen 0.33/turn    (no ring)
MPRegen 0.17/turn

%: faith
@: heroic
A: sickness immunity, AC +9, negative energy resistance 1, electricity
resistance, torment resistance 1, petrification resistance
a: Renounce Religion, Heroism, Finesse


You were on level 5 of the Lair of Beasts.
You worshipped Okawaru.
Okawaru was greatly pleased with you.
You visited 3 branches of the dungeon, and saw 14 of its levels.
You also visited: Sewer.

You collected 876 gold pieces.
You spent 90 gold pieces at shops.


Innate Abilities, Weirdness & Mutations

You are immune to sickness and miasma.
Your stone body is resilient. (AC +9)
You are immune to poison.
You resist negative energy. (rN+)
You are resistant to electric shocks. (rElec)
You are resistant to unholy torment.
You are immune to petrification.


   Skills:
 - Level 10.0(15.0) Fighting
 + Level 13.5(18.5) Axes
 - Level 5.2(10.2) Throwing
 - Level 9.0(14.0) Armour
 - Level 2.0(7.0) Dodging
 - Level 6.0(11.0) Shields
 - Level 10.1 Invocations


You had 12 spell levels left.
You didn't know any spells.
Your spell library was empty.

Inventory:

Hand Weapons
 b - a +0 morningstar
 A - a +2 war axe of electrocution (weapon)
Missiles
 e - 3 boomerangs (quivered)
 y - a silver javelin
Armour
 a - a +2 pair of gloves (worn)
 c - a +0 buckler (worn)
 i - a +0 plate armour (worn)
 o - the +2 hood of the Assassin (worn) {Detect Stab+ Stlth++}
   (You acquired it on level 5 of the Dungeon)

   Detect:    It allows the wearer to sense nearby creatures.
   Stab+:     It allows the wearer to make particularly effective stabbing
   attacks against helpless or unaware enemies with any weapon.
   Stlth:     It makes you much more stealthy.
 v - a +0 chain mail of fire resistance
 x - the +2 shield of Resistance {rF++ rC++ Will++}
   (You found it on level 5 of the Lair of Beasts)

   rF:        It greatly protects you from fire.
   rC:        It greatly protects you from cold.
   Will:      It greatly increases your willpower.
 z - the +2 cloak "Vasomet" (worn) {Stlth+}
   (You found it on level 3 of the Lair of Beasts)

   Stlth:     It makes you more stealthy.
Jewellery
 l - a ring of fire
 q - an amulet of the acrobat
 r - a ring of ice
 t - an amulet of faith (around neck)
 w - a ring of ice
Scrolls
 k - 3 scrolls of identify
 m - 3 scrolls of enchant weapon {unknown}
Potions
 d - 4 potions of might
 f - a potion of resistance
 g - 2 potions of attraction
 h - 5 potions of curing
 j - a potion of lignification
 n - 3 potions of haste
 p - 5 potions of mutation
 s - a potion of magic
 u - a potion of cancellation

Dungeon Overview and Level Annotations

Branches:
Dungeon (8/15)             Temple (1/1) D:5            Lair (5/5) D:8
  Swamp (0/4) Lair:2        Snake (0/4) Lair:2        Slime (0/5) Lair:5
  Sewer (visited)

Altars:
Ashenzari
Cheibriados
Dithmenos
Elyvilon
Fedhas
Gozag
Hepliaklqana
Makhleb
Okawaru
Qazlal
Ru
Sif Muna
Trog
Uskayaw
Vehumet
Xom
Zin
The Shining One
Jiyva

Shops:
D:2 !


Message History

The dire elephant is heavily wounded.
The dire elephant tramples you!
You stumble backwards!
You slash the dire elephant!
The dire elephant is heavily wounded.
You slash the withered plant!
The withered plant begins to crumble.
You hit the dire elephant but do no damage.
The dire elephant is heavily wounded.
You hit the withered plant. The dire elephant tramples you.
You hold your ground!
The dire elephant trunk-slaps you but does no damage.
You hit the dire elephant but do no damage.
The dire elephant is heavily wounded.
You hit the necromancer. You slash the withered plant!
Lightning courses through the withered plant!
The dire elephant tramples you!
You hold your ground!
The dire elephant trunk-slaps you but does no damage.
The necromancer hits you with a +0 dagger.
You barely miss the dire elephant.
The dire elephant is heavily wounded.
You slash the necromancer! You slash the withered plant!
Lightning courses through the withered plant!
The necromancer hits you but does no damage.
You slash the dire elephant!
Lightning courses through the dire elephant!
The dire elephant is severely wounded.
You hit the withered plant. You barely miss the necromancer.
You hit the dire elephant but do no damage.
The dire elephant is severely wounded.
You hit the necromancer.
Lightning courses through the necromancer!!
You hit the withered plant.
The withered plant crumbles away.
The dire elephant closely misses you.
The dire elephant trunk-slaps you but does no damage.
The necromancer casts a spell at you. The bolt of negative energy misses you.
You closely miss the necromancer.
The necromancer is almost dead.
You hit the dire elephant but do no damage. x2
The dire elephant tramples you!!
You die...

# ##### 77.##...##
77.P.....P###
7.........P.#
...##.#..#.)#
###''#''#### ##
#8..#.Yp.8##.~~##8...8#
#P..#.@Y.('..~~~'...))#
#.#.####.8#.~~~~'...$$#
#+#P..P#### ~~~~#8Yp.8#
####....# ~~.####### {
####.### .###8.8##
#777##...#####8.}P8#
##7P..P###............
####77P...P
.7########'''##
.......P.P##..
...........


You could see 2 dire elephants and a necromancer.

Vanquished Creatures
  An azure jelly (Lair:4)
  5 hydras
  Erica (D:8)
  2 death yaks
  A spectral anaconda (Lair:5)
  An oklob plant (Lair:2)
  2 necromancers (Lair:5)
  12 elephants
  3 black mambas
  Maggie (D:6)
  6 cane toads
  4 rime drakes
  2 komodo dragons
  A polar bear (Lair:1)
  A tyrant leech (Lair:2)
  3 blink frogs (Lair:4)
  5 slime creatures (Lair:4)
  14 yaks
  2 wyverns
  Eustachio (D:6)
  A steam dragon (D:8)
  A death yak simulacrum (Lair:5)
  5 basilisks
  Menkaure (D:7)
  A spectral cane toad (Lair:5)
  2 swamp worms (Lair:2)
  Edmund (D:6)
  8 water moccasins
  2 ice beasts
  3 orc warriors
  4 black bears
  3 sky beasts
  An ogre (D:6)
  9 wolves
  2 centaurs
  An elephant skeleton (Lair:5)
  2 phantoms
  8 bullfrogs
  A cane toad simulacrum (Lair:5)
  A scorpion (D:5)
  2 electric eels
  5 hounds
  8 jellies
  3 orc priests
  Jessica (D:3)
  Natasha (thrice) (D:4)
  5 orc wizards
  4 iguanas
  8 adders
  3 river rats (D:6)
  A white imp (D:7)
  2 ufetubi
  A worm (D:3)
  A dart slug (D:2)
  18 orcs
  9 endoplasms
  13 giant cockroaches
  10 goblins
  10 hobgoblins
  3 jackals (D:3)
  11 kobolds
  4 quokkas
  13 ball pythons
  2 bats (D:3)
  9 frilled lizards
  6 rats
280 creatures vanquished.

Notes
Turn   | Place    | Note
-------+----------+-------------------------------------------
     0 | D:1      | qw the Gargoyle Fighter began the quest for the Orb.
     0 | D:1      | Reached XP level 1. HP: 14/14 MP: 1/1
     0 | D:1      | 0 ||| qw: Version: 0.2-a-29-gc1b59c4
     0 | D:1      | 0 ||| qw: Game counter: 4399
     0 | D:1      | 0 ||| qw: Always use a shield: true
     0 | D:1      | 0 ||| qw: God list: Okawaru
     0 | D:1      | 0 ||| qw: Allow faded altars: false
     0 | D:1      | 0 ||| qw: Do Orc after D:15 true
     0 | D:1      | 0 ||| qw: Do second Lair branch before Depths: true
     0 | D:1      | 0 ||| qw: Lair rune preference: random
     0 | D:1      | 0 ||| qw: Plans: Normal, Zot:1-4, Slime:5, God:TSO, Crypt,
                  | Tomb, Abyss, Pan, Hells, Win
     0 | D:1      | 0 ||| PLANNING D:1-11
    43 | D:1      | Reached skill level 2 in Axes
    68 | D:1      | Reached XP level 2. HP: 11/19 MP: 2/2
   395 | D:1      | Found a faded altar of an unknown god.
   741 | D:1      | 741 ||| READING scroll labelled FEC LIUTEGO.
   797 | D:2      | Reached skill level 3 in Axes
   839 | D:2      | 839 ||| READING scroll labelled FOEQOY DURYALE.
   854 | D:2      | Reached XP level 3. HP: 23/23 MP: 3/3
   885 | D:2      | 885 ||| UPGRADING to +0 pair of gloves.
  1022 | D:2      | 1022 ||| Stepping ~*~*~tactically~*~*~ (hiding).
  1129 | D:2      | 1129 ||| DROPPING +0 club.
  1273 | D:2      | Found Kuazaduo's Distillery.
  1277 | D:2      | 1277 ||| SHOPLISTING 2 potions of haste (200 gold, have
                  | 90).
  1277 | D:2      | 1277 ||| SHOPLISTING 2 potions of resistance (200 gold,
                  | have 90).
  1277 | D:2      | 1277 ||| BUYING potion of attraction (30 gold).
  1277 | D:2      | Bought a potion of attraction for 30 gold pieces
  1277 | D:2      | 1277 ||| SHOPLISTING potion of cancellation (80 gold, have
                  | 60).
  1277 | D:2      | 1277 ||| BUYING potion of curing (30 gold).
  1277 | D:2      | Bought a potion of curing for 30 gold pieces
  1277 | D:2      | 1277 ||| BUYING potion of lignification (30 gold).
  1277 | D:2      | Bought a potion of lignification for 30 gold pieces
  1277 | D:2      | 1277 ||| SHOPLISTING potion of mutation (80 gold, have 0).
  1340 | D:2      | 1340 ||| Stepping ~*~*~tactically~*~*~ (hiding).
  1536 | D:2      | 1536 ||| Stepping ~*~*~tactically~*~*~ (stealth).
  1579 | D:2      | 1579 ||| Stepping ~*~*~tactically~*~*~ (hiding).
  1581 | D:2      | 1581 ||| Stepping ~*~*~tactically~*~*~ (hiding).
  1587 | D:2      | Reached XP level 4. HP: 24/28 MP: 4/4
  1764 | D:2      | Reached skill level 4 in Axes
  1945 | D:2      | 1945 ||| READING scroll labelled PURATE MURPHA.
  2019 | D:3      | 2019 ||| DROPPING +0 whip.
  2024 | D:3      | 2024 ||| DROPPING +2 whip of venom.
  2270 | D:3      | HP: 2/28 [orc priest/divine providence (10)]
  2271 | D:3      | 2271 ||| READING 2 scrolls of teleportation.
  2329 | D:3      | 2329 ||| Stepping ~*~*~tactically~*~*~ (stealth).
  2418 | D:3      | Reached XP level 5. HP: 29/32 MP: 5/5
  2588 | D:3      | Noticed Jessica
  2600 | D:3      | Killed Jessica
  2601 | D:3      | Reached skill level 5 in Axes
  2606 | D:3      | Found a shimmering blue altar of Sif Muna.
  2751 | D:3      | 2751 ||| DROPPING +1 mace of protection.
  2806 | D:3      | Found an opulent altar of Gozag.
  2839 | D:3      | Found a white marble altar of Elyvilon.
  2914 | D:3      | Found a shimmering altar of Xom.
  2974 | D:3      | 2974 ||| UPGRADING to amulet of the acrobat.
  2979 | D:3      | 2979 ||| READING scroll labelled JIV ZOXYUQ.
  2980 | D:3      | 2980 ||| READING scroll labelled IPNYULEPNE.
  2981 | D:3      | 2981 ||| DRINKING 3 pink potions.
  3022 | D:4      | 3022 ||| Stepping ~*~*~tactically~*~*~ (stealth).
  3041 | D:4      | Reached skill level 1 in Dodging
  3041 | D:4      | Reached XP level 6. HP: 27/38 MP: 6/6
  3080 | D:4      | 3080 ||| Stepping ~*~*~tactically~*~*~ (stealth).
  3120 | D:4      | Found a glowing silver altar of Zin.
  3122 | D:4      | 3122 ||| Stepping ~*~*~tactically~*~*~ (stealth).
  3132 | D:4      | 3132 ||| Stepping ~*~*~tactically~*~*~ (stealth).
  3196 | D:4      | 3196 ||| READING scroll of enchant armour.
  3196 | D:4      | 3196 ||| ENCHANTING +0 pair of gloves.
  3306 | D:4      | Found a hide-covered altar of Uskayaw.
  3366 | D:4      | Noticed Natasha
  3371 | D:4      | Killed Natasha
  3455 | D:4      | Noticed Natasha
  3456 | D:4      | 3456 ||| Stepping ~*~*~tactically~*~*~ (hiding).
  3469 | D:4      | Killed Natasha
  3582 | D:4      | Found a stormy altar of Qazlal.
  3652 | D:4      | Noticed Natasha
  3653 | D:4      | 3653 ||| Stepping ~*~*~tactically~*~*~ (hiding).
  3654 | D:4      | 3654 ||| Stepping ~*~*~tactically~*~*~ (hiding).
  3665 | D:4      | Killed Natasha
  3666 | D:4      | Reached skill level 6 in Axes
  3666 | D:4      | Reached XP level 7. HP: 42/43 MP: 7/7
  3947 | D:4      | 3947 ||| UPGRADING to +0 cloak.
  3952 | D:4      | 3952 ||| UPGRADING to amulet of faith.
  3962 | D:4      | 3962 ||| READING scroll labelled AFFAXZ UTOBI.
  3963 | D:4      | 3963 ||| READING scroll labelled EKHLOC NOVYUN.
  3964 | D:4      | 3964 ||| READING 2 scrolls of identify.
  3964 | D:4      | 3964 ||| IDENTIFYING fizzy golden potion
  3992 | D:5      | Entered Level 5 of the Dungeon
  4361 | D:5      | Reached skill level 7 in Axes
  4373 | D:5      | Found a staircase to the Ecumenical Temple.
  4374 | D:5      | 4374 ||| PLANNING TEMPLE
  4424 | D:5      | 4424 ||| Stepping ~*~*~tactically~*~*~ (hiding).
  4657 | D:5      | Reached XP level 8. HP: 39/49 MP: 8/8
  4806 | D:5      | 4806 ||| READING scroll labelled RYSULA INIOLE.
  4806 | D:5      | Identified a scroll of acquirement
  4806 | D:5      | 4806 ||| ACQUIRING +2 hood of the Assassin {Detect Stab+
                  | Stlth++}
  4806 | D:5      | Acquired the +2 hood of the Assassin {Detect Stab+ Stlth++}
  4806 | D:5      | Found the +2 hood of the Assassin {Detect Stab+ Stlth++}
  4808 | D:5      | 4808 ||| UPGRADING to +2 hood of the Assassin {Detect Stab+
                  | Stlth++}.
  4813 | D:5      | 4813 ||| READING scroll labelled YNEFRE VIATO.
  4814 | D:5      | 4814 ||| READING 3 scrolls of identify.
  4814 | D:5      | 4814 ||| IDENTIFYING white potion
  4815 | D:5      | 4815 ||| READING 2 scrolls of identify.
  4815 | D:5      | 4815 ||| IDENTIFYING fizzy ruby potion
  4842 | D:6      | 4842 ||| PLANNING SEWER
  4872 | D:6      | Noticed Edmund
  4892 | D:6      | Killed Edmund
  4919 | D:6      | 4919 ||| DROPPING +0 flail.
  4937 | D:6      | 4937 ||| Stepping ~*~*~tactically~*~*~ (stealth).
  4939 | D:6      | 4939 ||| Stepping ~*~*~tactically~*~*~ (stealth).
  4941 | D:6      | 4941 ||| Stepping ~*~*~tactically~*~*~ (stealth).
  4943 | D:6      | 4943 ||| Stepping ~*~*~tactically~*~*~ (stealth).
  4969 | D:6      | Reached skill level 8 in Axes
  5004 | D:6      | 5004 ||| Stepping ~*~*~tactically~*~*~ (stealth).
  5006 | D:6      | 5006 ||| Stepping ~*~*~tactically~*~*~ (stealth).
  5027 | D:6      | 5027 ||| Stepping ~*~*~tactically~*~*~ (stealth).
  5029 | D:6      | 5029 ||| Stepping ~*~*~tactically~*~*~ (stealth).
  5031 | D:6      | 5031 ||| Stepping ~*~*~tactically~*~*~ (stealth).
  5136 | D:6      | 5136 ||| Stepping ~*~*~tactically~*~*~ (stealth).
  5239 | D:6      | Found a glowing drain.
  5240 | D:6      | 5240 ||| Stepping ~*~*~tactically~*~*~ (water).
  5247 | D:6      | 5247 ||| UPGRADING to +0 chain mail of fire resistance.
  5257 | D:6      | 5257 ||| DROPPING +0 scale mail.
  5258 | D:6      | 5258 ||| READING 3 scrolls of identify.
  5258 | D:6      | 5258 ||| IDENTIFYING clear potion
  5259 | D:6      | 5259 ||| READING 2 scrolls of identify.
  5259 | D:6      | 5259 ||| IDENTIFYING sapphire potion
  5267 | Sewer    | Entered a sewer
  5286 | Sewer    | 5286 ||| Stepping ~*~*~tactically~*~*~ (water).
  5491 | Sewer    | HP: 10/51 [bullfrog (7)]
  5492 | Sewer    | 5492 ||| READING scroll of teleportation.
  5493 | Sewer    | 5493 ||| DRINKING 5 potions of heal wounds.
  5684 | Sewer    | Reached skill level 6 in Fighting
  5709 | Sewer    | 5709 ||| Stepping randomly (stuck).
  5865 | D:6      | 5865 ||| PLANNING TEMPLE
  5920 | D:6      | 5920 ||| STAIRDANCE
  5944 | Temple   | Entered the Ecumenical Temple
  6055 | Temple   | 6055 ||| PLANNING OKAWARU WORSHIP
  6059 | Temple   | Became a worshipper of Warmaster Okawaru
  6059 | Temple   | 6059 ||| PLANNING D:1-11
  6353 | D:6      | 6353 ||| Stepping ~*~*~tactically~*~*~ (hiding).
  6368 | D:6      | 6368 ||| DRINKING 2 potions of curing.
  6368 | D:6      | 6368 ||| (to cure confusion)
  6551 | D:6      | 6551 ||| Stepping ~*~*~tactically~*~*~ (stealth).
  6681 | D:6      | Noticed Maggie
  6682 | D:6      | 6682 ||| Stepping ~*~*~tactically~*~*~ (hiding).
  6685 | D:6      | 6685 ||| Stepping ~*~*~tactically~*~*~ (hiding).
  6686 | D:6      | 6686 ||| Stepping ~*~*~tactically~*~*~ (hiding).
  6695 | D:6      | Noticed Eustachio
  6710 | D:6      | Killed Maggie
  6711 | D:6      | Reached skill level 9 in Axes
  6711 | D:6      | Reached XP level 9. HP: 19/55 MP: 9/9
  6711 | D:6      | 6711 ||| FLEEEEING.
  6712 | D:6      | 6712 ||| FLEEEEING.
  6713 | D:6      | 6713 ||| FLEEEEING.
  6714 | D:6      | 6714 ||| FLEEEEING.
  6715 | D:6      | 6715 ||| FLEEEEING.
  6716 | D:6      | 6716 ||| FLEEEEING.
  6717 | D:6      | 6717 ||| FLEEEEING.
  6718 | D:6      | 6718 ||| FLEEEEING.
  6720 | D:6      | 6720 ||| FLEEEEING.
  6721 | D:6      | 6721 ||| FLEEEEING.
  6734 | D:6      | 6734 ||| FLEEEEING.
  6735 | D:6      | 6735 ||| FLEEEEING.
  6736 | D:6      | 6736 ||| FLEEEEING.
  6737 | D:6      | 6737 ||| FLEEEEING.
  6738 | D:6      | 6738 ||| FLEEEEING.
  6739 | D:6      | 6739 ||| FLEEEEING.
  6740 | D:6      | 6740 ||| FLEEEEING.
  6746 | D:6      | 6746 ||| STAIRDANCE
  6832 | D:5      | 6832 ||| UPGRADING to +0 plate armour.
  6849 | D:6      | Killed Eustachio
  6885 | D:6      | 6885 ||| SWAPPING to +0 war axe of flaming.
  6886 | D:6      | 6886 ||| DROPPING +0 heavy flail.
  6887 | D:6      | 6887 ||| DROPPING +0 war axe.
  7168 | D:7      | Reached * piety under Okawaru
  7215 | D:7      | Noticed Menkaure
  7216 | D:7      | 7216 ||| Stepping ~*~*~tactically~*~*~ (hiding).
  7222 | D:7      | 7222 ||| INVOKING Heroism.
  7228 | D:7      | Killed Menkaure
  7346 | D:7      | Found a broken altar of Ashenzari.
  7488 | D:7      | 7488 ||| Stepping ~*~*~tactically~*~*~ (hiding).
  7516 | D:7      | Reached skill level 6 in Armour
  7516 | D:7      | Reached skill level 1 in Invocations
  7822 | D:7      | 7822 ||| INVOKING Heroism.
  7852 | D:7      | Found a hazy altar of Hepliaklqana.
  7932 | D:7      | 7932 ||| READING scroll labelled GOIHYU RAMI.
  8011 | D:8      | 8011 ||| INVOKING Heroism.
  8022 | D:8      | Reached skill level 3 in Invocations
  8052 | D:8      | Noticed Erica
  8053 | D:8      | 8053 ||| Stepping ~*~*~tactically~*~*~ (hiding).
  8060 | D:8      | 8060 ||| INVOKING Heroism.
  8065 | D:8      | Killed Erica
  8065 | D:8      | Reached ** piety under Okawaru
  8203 | D:8      | 8203 ||| INVOKING Heroism.
  8209 | D:8      | Reached XP level 10. HP: 52/63 MP: 10/13
  8221 | D:8      | Reached skill level 10 in Axes
  8510 | D:8      | Noticed a death yak
  8511 | D:8      | 8511 ||| INVOKING Heroism.
  8525 | D:8      | Killed a death yak
  8525 | D:8      | Reached *** piety under Okawaru
  8678 | D:8      | Found a staircase to the Lair.
  8825 | D:8      | 8825 ||| PLANNING LAIR
  8845 | Lair:1   | Entered Level 1 of the Lair of Beasts
  8847 | Lair:1   | 8847 ||| INVOKING Heroism.
  8931 | Lair:1   | 8931 ||| Stepping ~*~*~tactically~*~*~ (hiding).
  8938 | Lair:1   | 8938 ||| INVOKING Heroism.
  9546 | Lair:1   | Noticed a cane toad
  9547 | Lair:1   | 9547 ||| INVOKING Heroism.
  9550 | Lair:1   | Killed a cane toad
  9665 | Lair:1   | 9665 ||| INVOKING Heroism.
  9678 | Lair:1   | Reached skill level 11 in Axes
  9942 | Lair:1   | 9942 ||| INVOKING Heroism.
 10195 | Lair:1   | 10195 ||| READING scroll labelled GEOQEQ SEIPYKE.
 10196 | Lair:1   | 10196 ||| DRINKING 2 sedimented red potions.
 10197 | Lair:1   | 10197 ||| DROPPING potion of enlightenment.
 10257 | Lair:2   | 10257 ||| READING scroll of enchant armour.
 10257 | Lair:2   | 10257 ||| ENCHANTING +1 pair of gloves.
 10293 | Lair:2   | 10293 ||| Stepping ~*~*~tactically~*~*~ (stealth).
 10306 | Lair:2   | 10306 ||| INVOKING Heroism.
 10311 | Lair:2   | Reached skill level 9 in Fighting
 10311 | Lair:2   | Reached XP level 11. HP: 32/71 MP: 11/14
 10312 | Lair:2   | Reached **** piety under Okawaru
 10483 | Lair:2   | Noticed a six-headed hydra
 10484 | Lair:2   | 10484 ||| INVOKING Heroism.
 10488 | Lair:2   | 10488 ||| SWAPPING to +0 whip.
 10512 | Lair:2   | 10512 ||| INVOKING Heroism.
 10513 | Lair:2   | HP: 16/71 [six-headed hydra (3)]
 10514 | Lair:2   | 10514 ||| READING scroll of teleportation.
 10515 | Lair:2   | 10515 ||| DRINKING 4 potions of heal wounds.
 10518 | Lair:2   | 10518 ||| SWAPPING to +0 heavy war axe.
 10694 | Lair:2   | 10694 ||| INVOKING Heroism.
 10699 | Lair:2   | Received a gift from Okawaru
 10757 | Lair:2   | 10757 ||| Stepping ~*~*~tactically~*~*~ (hiding).
 10761 | Lair:2   | 10761 ||| INVOKING Heroism.
 10769 | Lair:2   | Noticed a five-headed hydra
 10776 | Lair:2   | Reached skill level 1 in Throwing
 10776 | Lair:2   | 10776 ||| SWAPPING to +0 whip.
 10778 | Lair:2   | 10778 ||| INVOKING Heroism.
 10800 | Lair:2   | Killed a five-headed hydra
 10809 | Lair:2   | HP: 16/71 [six-headed hydra (5)]
 10810 | Lair:2   | 10810 ||| DRINKING 3 potions of heal wounds.
 10822 | Lair:2   | HP: 9/71 [six-headed hydra (12)]
 10823 | Lair:2   | 10823 ||| DRINKING 2 potions of heal wounds.
 10829 | Lair:2   | Killed a six-headed hydra
 10830 | Lair:2   | Reached skill level 3 in Throwing
 10830 | Lair:2   | 10830 ||| SWAPPING to +0 heavy war axe.
 10909 | Lair:2   | 10909 ||| FLEEEEING.
 10910 | Lair:2   | 10910 ||| INVOKING Heroism.
 10927 | Lair:2   | Reached ***** piety under Okawaru
 11201 | Lair:2   | Noticed an eight-headed hydra
 11202 | Lair:2   | 11202 ||| INVOKING Heroism.
 11207 | Lair:2   | 11207 ||| SWAPPING to +0 whip.
 11229 | Lair:2   | HP: 17/71 [eight-headed hydra (4)]
 11230 | Lair:2   | 11230 ||| DRINKING potion of heal wounds.
 11233 | Lair:2   | Killed an eight-headed hydra
 11234 | Lair:2   | Reached skill level 6 in Invocations
 11234 | Lair:2   | 11234 ||| SWAPPING to +0 heavy war axe.
 11374 | Lair:2   | Found a staircase to the Snake Pit.
 11389 | Lair:2   | 11389 ||| Stepping ~*~*~tactically~*~*~ (hiding).
 11410 | Lair:2   | 11410 ||| Stepping ~*~*~tactically~*~*~ (hiding).
 11411 | Lair:2   | 11411 ||| Stepping ~*~*~tactically~*~*~ (hiding).
 11525 | Lair:2   | Noticed an oklob plant
 11526 | Lair:2   | 11526 ||| INVOKING Heroism.
 11537 | Lair:2   | Killed an oklob plant
 11698 | Lair:2   | Found a staircase to the Swamp.
 11916 | Lair:2   | 11916 ||| READING 2 scrolls of identify.
 11916 | Lair:2   | 11916 ||| IDENTIFYING golden potion
 11917 | Lair:2   | 11917 ||| DROPPING potion of brilliance.
 12030 | Lair:3   | 12030 ||| INVOKING Heroism.
 12186 | Lair:3   | Received a gift from Okawaru
 12210 | Lair:3   | 12210 ||| INVOKING Heroism.
 12240 | Lair:3   | 12240 ||| Stepping ~*~*~tactically~*~*~ (stealth).
 12241 | Lair:3   | 12241 ||| Stepping ~*~*~tactically~*~*~ (stealth).
 12264 | Lair:3   | 12264 ||| INVOKING Heroism.
 12422 | Lair:3   | 12422 ||| Stepping ~*~*~tactically~*~*~ (stealth).
 12424 | Lair:3   | 12424 ||| Stepping ~*~*~tactically~*~*~ (hiding).
 12429 | Lair:3   | Reached XP level 12. HP: 57/76 MP: 17/17
 12654 | Lair:3   | Identified the +2 cloak "Vasomet" {Stlth+}
 13098 | Lair:3   | 13098 ||| UPGRADING to +2 cloak "Vasomet" {Stlth+}.
 13108 | Lair:3   | 13108 ||| DROPPING +0 cloak.
 13109 | Lair:3   | 13109 ||| READING scroll labelled WEITANKAYJ.
 13220 | Lair:4   | Found a glowing silver altar of Zin.
 13246 | Lair:4   | 13246 ||| INVOKING Heroism.
 13247 | Lair:4   | 13247 ||| Stepping ~*~*~tactically~*~*~ (stealth).
 13248 | Lair:4   | 13248 ||| Stepping ~*~*~tactically~*~*~ (stealth).
 13253 | Lair:4   | Reached skill level 12 in Axes
 13338 | Lair:4   | 13338 ||| DROPPING +0 whip.
 13360 | Lair:4   | 13360 ||| Stepping ~*~*~tactically~*~*~ (stealth).
 13362 | Lair:4   | 13362 ||| Stepping ~*~*~tactically~*~*~ (stealth).
 13386 | Lair:4   | Reached skill level 6 in Shields
 13387 | Lair:4   | 13387 ||| INVOKING Heroism.
 13507 | Lair:4   | Reached skill level 9 in Invocations
 13595 | Lair:4   | Received a gift from Okawaru
 13597 | Lair:4   | 13597 ||| INVOKING Heroism.
 13605 | Lair:4   | Reached skill level 9 in Armour
 13825 | Lair:4   | 13825 ||| INVOKING Heroism.
 13831 | Lair:4   | Noticed a seven-headed hydra
 13832 | Lair:4   | 13832 ||| INVOKING Finesse.
 13835 | Lair:4   | 13835 ||| FLEEEEING.
 13836 | Lair:4   | 13836 ||| FLEEEEING.
 13837 | Lair:4   | 13837 ||| FLEEEEING.
 13838 | Lair:4   | 13838 ||| FLEEEEING.
 13839 | Lair:4   | 13839 ||| FLEEEEING.
 13840 | Lair:4   | 13840 ||| FLEEEEING.
 13841 | Lair:4   | 13841 ||| FLEEEEING.
 13842 | Lair:4   | 13842 ||| STAIRDANCE
 13971 | Lair:3   | 13971 ||| DROPPING +1 hat of stealth.
 13974 | Lair:4   | 13974 ||| STAIRDANCE
 13976 | Lair:3   | 13976 ||| INVOKING Heroism.
 13977 | Lair:3   | 13977 ||| SWAPPING to +0 morningstar.
 13978 | Lair:3   | 13978 ||| INVOKING Finesse.
 13990 | Lair:3   | HP: 15/76 [seven-headed hydra (5)]
 13991 | Lair:3   | 13991 ||| READING scroll of teleportation.
 13992 | Lair:3   | Killed a seven-headed hydra
 13993 | Lair:3   | 13993 ||| SWAPPING to +0 heavy war axe.
 14544 | Lair:4   | 14544 ||| Stepping ~*~*~tactically~*~*~ (stealth).
 14547 | Lair:4   | 14547 ||| Stepping ~*~*~tactically~*~*~ (stealth).
 14561 | Lair:4   | 14561 ||| FLEEEEING.
 14562 | Lair:4   | 14562 ||| FLEEEEING.
 14596 | Lair:4   | Noticed an azure jelly
 14597 | Lair:4   | 14597 ||| Stepping ~*~*~tactically~*~*~ (stealth).
 14601 | Lair:4   | 14601 ||| INVOKING Heroism.
 14602 | Lair:4   | 14602 ||| INVOKING Finesse.
 14609 | Lair:4   | Killed an azure jelly
 14635 | Lair:4   | 14635 ||| Stepping ~*~*~tactically~*~*~ (stealth).
 14739 | Lair:4   | 14739 ||| Stepping ~*~*~tactically~*~*~ (stealth).
 14741 | Lair:4   | 14741 ||| Stepping ~*~*~tactically~*~*~ (stealth).
 15068 | Lair:4   | 15068 ||| READING scroll labelled KANNYOCK JEOLI.
 15116 | Lair:5   | Entered Level 5 of the Lair of Beasts
 15123 | Lair:5   | 15123 ||| Stepping ~*~*~tactically~*~*~ (hiding).
 15196 | Lair:5   | Found the +2 shield of Resistance {rF++ rC++ Will++}
 15357 | Lair:5   | 15357 ||| Stepping ~*~*~tactically~*~*~ (stealth).
 15366 | Lair:5   | Noticed a seven-headed hydra
 15367 | Lair:5   | 15367 ||| INVOKING Heroism.
 15380 | Lair:5   | 15380 ||| SWAPPING to +0 morningstar.
 15387 | Lair:5   | Killed a seven-headed hydra
 15388 | Lair:5   | Reached skill level 13 in Axes
 15388 | Lair:5   | Reached XP level 13. HP: 54/82 MP: 20/20
 15388 | Lair:5   | 15388 ||| SWAPPING to +0 heavy war axe.
 15748 | Lair:5   | Found a viscous altar of Jiyva.
 15749 | Lair:5   | Found a staircase to the Slime Pits.
 15934 | Lair:5   | Noticed a dire elephant
 15934 | Lair:5   | Noticed a dire elephant
 15965 | Lair:5   | 15965 ||| INVOKING Heroism.
 15967 | Lair:5   | HP: 14/82 [death yak simulacrum (40)]
 16187 | Lair:5   | 16187 ||| INVOKING Heroism.
 16191 | Lair:5   | Received a gift from Okawaru
 16372 | Lair:5   | 16372 ||| INVOKING Heroism.
 16483 | Lair:5   | 16483 ||| SWAPPING to +2 war axe of electrocution.
 16484 | Lair:5   | 16484 ||| DROPPING +0 heavy war axe.
 16550 | Lair:5   | 16550 ||| INVOKING Heroism.
 16554 | Lair:5   | Received a gift from Okawaru
 16565 | Lair:5   | HP: 20/82 [dire elephant (16)]
 16569 | Lair:5   | Slain by a dire elephant

Levels and vault maps discovered:
D:1:      ncdulo_lavacross, layout_loops_ring, shapermc_ecumenical_altar_venn
D:2:      layout_basic, serial_shops, nicolae_shop_back_alley_shop,
          grunt_decor_resistance, chequers_hall_statues_wall_a,
          serial_bayou_pond_d, minmay_misc_feat_tiny, nicolae_the_louvre
D:3:      layout_basic, mainiacjoe_overflow_alcove_2, tgw_sif,
          mainiacjoe_overflow_two_lobes
D:4:      layout_loops_ring, mainiacjoe_overflow_paths,
          mainiacjoe_overflow_tiny_flanked,
          nicolae_uskayaw_murder_on_the_dancefloor, uniq_natasha
D:5:      layout_cave_pools, minmay_temple_entry_from_below_a,
          serial_column_ruins, column_ruins_hut_ruined,
          column_ruins_open_medium, column_ruins_columns_dead_end,
          column_ruins_open_tiny, column_ruins_open_small,
          column_ruins_open_large, column_ruins_open_medium
D:6:      layout_layer_cave, portal_sewer_entry_e, uniq_edmund, uniq_eustachio,
          uniq_maggie
D:7:      layout_loops_ring, lemuel_round_altar,
          worldfamousw_hep_ancestral_shrine, uniq_menkaure
D:8:      layout_basic, david_lair_generic, amethyst_killhole, uniq_erica
Temple:   nicolae_temple_figure_zero
Lair:1:   layout_layer_cave, nicolae_quartered_pool_super, serial_bayou_shore_a
Lair:2:   layout_chaotic_city, palyth_hydra_swamp_entry,
          guppyfry_snake_entry_garden, minmay_lair_oklob_items
Lair:3:   layout_small_grid, serial_forest, infiniplex_forest_straight_1,
          infiniplex_forest_zigzag_1, infiniplex_forest_lined_3_way,
          infiniplex_forest_straight_3, infiniplex_forest_zigzag_1,
          infiniplex_forest_corner_1
Lair:4:   layout_long_grid, basic_altar, minivault_27,
          nicolae_lair_time_for_slime
Lair:5:   due_jungle_book, layout_cave_pods, dpeg_slime_entry_corner,
          fungi_pond_lemuel

Skill      XL: |  1  2  3  4  5  6  7  8  9 10 11 12 13 |
---------------+----------------------------------------+-----
Axes           | 2 3 4 5 6 7 9 11 13 | 13.5
Fighting       | 4 5 6 7 9 10 | 10.0
Dodging        | 1 2 |  2.0
Armour         | 4 6 7 8 9 |  9.0
Shields        | 4 5 6 |  6.0
Invocations    | 4 7 10 | 10.1
Throwing       | 4 5 |  5.2

Action                     |  1- 3 |  4- 6 |  7- 9 | 10-12 | 13-15 || total
---------------------------+-------+-------+-------+-------+-------++-------
  Melee: War axe           |    91 |   177 |   373 |   349 |    77 ||  1067
         Whip              |       |       |       |   101 |       ||   101
         Morningstar       |       |       |       |    20 |       ||    20
  Throw: Boomerang         |       |    36 |       |    40 |     4 ||    80
         Javelin           |       |       |       |    14 |     1 ||    15
 Invoke: Heroism           |       |       |     5 |    25 |     4 ||    34
         Finesse           |       |       |       |     3 |       ||     3
    Use: Scroll            |     2 |     5 |    11 |     7 |       ||    25
         Potion            |       |     1 |     2 |     5 |       ||     8
 Armour: Scale mail        |    41 |    96 |   108 |       |       ||   245
         Chain mail        |       |       |   146 |       |       ||   146
         Plate armour      |       |       |    46 |   562 |    58 ||   666
  Dodge: Dodged            |    35 |    88 |   195 |   229 |    26 ||   573
  Block: Buckler           |    10 |    26 |    78 |   186 |    18 ||   318

Table legend:
 A = Non-vault XP
 B = Vault XP
 C = Vault XP percentage of total XP
 D = Non-vault monster count
 E = Vault monster count
 F = Vault count percentage of total count
                 A         B        C        D         E       F
            +---------+---------+-------+---------+---------+-------
      Total |   24128 |   13393 |  35.7 |     213 |      67 |  23.9
            +---------+---------+-------+---------+---------+-------
        D:1 |      28 |       0 |   0.0 |      18 |       0 |   0.0
        D:2 |      84 |       0 |   0.0 |      27 |       0 |   0.0
        D:3 |      91 |      37 |  28.9 |      25 |       1 |   3.8
        D:4 |     345 |      36 |   9.4 |      21 |       1 |   4.5
        D:5 |     678 |       0 |   0.0 |      16 |       0 |   0.0
        D:6 |     564 |     820 |  59.2 |      13 |      11 |  45.8
        D:7 |     849 |     172 |  16.8 |       9 |       1 |  10.0
        D:8 |    1091 |    1597 |  59.4 |      11 |       5 |  31.2
     Lair:1 |    2018 |       0 |   0.0 |      10 |       0 |   0.0
     Lair:2 |    4254 |    2981 |  41.2 |      15 |       7 |  31.8
     Lair:3 |    3634 |       0 |   0.0 |      14 |       0 |   0.0
     Lair:4 |    8363 |    2795 |  25.0 |      26 |      11 |  29.7
     Lair:5 |    2129 |    4730 |  69.0 |       8 |      11 |  57.9
      Sewer |       0 |     225 | 100.0 |       0 |      19 | 100.0
            +---------+---------+-------+---------+---------+-------
